 Dungeon Crawl Stone Soup version 0.24-a0-252-g5076262 (webtiles) character file.

Game seed: 16920168177566212061

842 Ijustatesigmund the Chopper (level 8, 0/54 HPs)
             Began as an Octopode Fighter on Apr 17, 2019.
             Was a Follower of Cheibriados.
             Slain by an orc wizard
             ... wielding a +2 dagger of electrocution
              (3 damage)
             ... on level 5 of the Dungeon.
             The game lasted 00:07:46 (4008 turns).

Ijustatesigmund the Chopper (Octopode Fighter)      Turns: 4008, Time: 00:07:47

Health: 0/54       AC:  1    Str: 23    XL:     8   Next: 0%
Magic:  10/10      EV: 13    Int: 12    God:    Cheibriados [*.....]
Gold:   384        SH: 12    Dex: 15    Spells: 7/7 levels left

rFire    . . .     SeeInvis .   a - +1 war axe
rCold    . . .     Gourm    +   b - +2 shield
rNeg     . . .     Faith    .   (helmet restricted)
rPois    .         Spirit   .   l - amulet of the gourmand
rElec    .         Reflect  .   (no ring)
rCorr    .         Harm     .   (no ring)
MR       .....                  (no ring)
Stlth    ++........             (no ring)
HPRegen  0.18/turn              (no ring)
MPRegen  0.12/turn              (no ring)
                                (no ring)
                                (no ring)

@: mighty, very slow
A: almost no armour, stealthy swim, amphibious, 8 rings, constrict 8, camouflage
1, gelatinous body 1
a: Bend Time, Renounce Religion


You were on level 5 of the Dungeon.
You worshipped Cheibriados.
Cheibriados was aware of your devotion.
You were not hungry.

You visited 2 branches of the dungeon, and saw 6 of its levels.

You collected 384 gold pieces.

Inventory:

Hand Weapons
 a - a +1 war axe (weapon)
 e - a +1 flail of protection
Armour
 b - a +2 shield (worn)
Jewellery
 l - an amulet of the gourmand (around mantle)
Wands
 f - a wand of flame (10)
Scrolls
 j - a scroll of teleportation
 n - a scroll of identify
Potions
 c - a potion of might
 h - 4 potions of curing
 i - 2 potions of resistance
 k - 2 potions of flight
 m - a potion of ambrosia {unknown}
Comestibles
 d - 8 rations


   Skills:
 + Level 4.3 Fighting
 + Level 6.2 Axes
 + Level 4.3 Dodging
 + Level 4.3 Shields
 * Level 3.0 Invocations


You had 7 spell levels left.
You didn't know any spells.
Your spell library contained the following spells:

 Spells                   Type           Power        Failure   Level  Hunger
 Animate Skeleton         Necr           N/A          78%         1    ##.....
 Pain                     Necr           #...         78%         1    ##.....
 Regeneration             Chrm/Necr      #.........   98%         3    ####...
 Vampiric Draining        Necr           #.........   98%         3    ####...
 Animate Dead             Necr           N/A          100%        4    #####..


Dungeon Overview and Level Annotations

Branches:
Dungeon (5/15)             Temple (1/1) D:4

Altars:
Cheibriados
Okawaru
Qazlal
Ru
Xom

Shops:
D:4 }

Annotations:
D:4 3 runed translucent doors, RoseArtemis's ghost, novice DDMo


Innate Abilities, Weirdness & Mutations

You cannot wear most types of armour.
You are very stealthy in the water. (Stealth+)
You are amphibious.
You can wear up to eight rings at the same time.
You can use your tentacles to constrict eight enemies at once.
Your skin changes colour to match your surroundings (Stealth+).
Your rubbery body absorbs attacks. (AC +1, EV +1)


Message History

The orc shouts!
The orc warrior hits you with a +0 battleaxe!
* * * LOW HITPOINT WARNING * * *
You hit the orc warrior but do no damage.
You squeeze the orc warrior.
The orc warrior is severely wounded.
You constrict the orc warrior.
The orc wizard casts a spell.
The orc wizard seems to speed up.
You block the orc warrior's attack.
You slice the orc warrior!!
You kill the orc warrior!
Cheibriados appreciates the change of pace.
Your Invocations skill increases to level 3!
You have reached level 8!
The orc wizard misses you.
You slash the orc wizard! Your grab misses the orc wizard.
The orc wizard is severely wounded.
The orc wizard closely misses you.
The orc wizard hits you with a +2 dagger of electrocution.
You die...

#.# #####.#
#.....#
#.....###.# ###
#.........# #..
#....)##### #o#
####))#######o#
#...........#o#
###....######.#@#
#......# #.##.#.#
##.....# #....#.#
#.....###.####.#
#.........#.<#.##
#####...........#
#..#..8..#..#
#..##(.)##..#
#..#######..#


You could see 2 orc wizards and an orc.

Vanquished Creatures
  The ghost of xeno23 the Sneak, an amateur OpAs (D:3)
  An orc warrior (D:5)
  2 ogres
  Blork the orc (D:5)
  A hound (D:5)
  2 orc priests (D:5)
  An orc wizard (D:5)
  An iguana (D:5)
  2 worker ants
  2 hound skeletons
  10 adders
  A shadow imp (D:5)
  An ooze (D:1)
  An adder skeleton (D:4)
  4 dart slugs
  5 leopard geckos
  3 orcs
  5 giant cockroaches
  3 goblins
  5 hobgoblins
  3 jackals (D:3)
  2 quokkas
  5 bats
  8 frilled lizards
  8 kobolds
  A leopard gecko skeleton (D:4)
  11 rats
90 creatures vanquished.

Notes
Turn   | Place    | Note
-------+----------+-------------------------------------------
     0 | D:1      | Ijustatesigmund the Octopode Fighter began the quest for
                  | the Orb.
     0 | D:1      | Reached XP level 1. HP: 16/16 MP: 1/1
   245 | D:1      | Reached XP level 2. HP: 21/21 MP: 2/2
   302 | D:1      | Reached skill level 3 in Axes
   589 | D:1      | Reached XP level 3. HP: 17/26 MP: 3/3
  1045 | D:2      | You fall through a shaft for 2 floors!
  1059 | D:4      | Found a runed translucent gate.
  1059 | D:4      | Found a runed translucent gate.
  1059 | D:4      | Found a runed translucent gate.
  1077 | D:4      | Reached skill level 4 in Axes
  1216 | D:4      | Reached XP level 4. HP: 28/31 MP: 4/4
  1839 | D:2      | Reached skill level 5 in Axes
  1839 | D:2      | Reached XP level 5. HP: 30/36 MP: 5/5
  2182 | D:3      | Noticed an ogre
  2214 | D:3      | Killed an ogre
  2214 | D:3      | Reached XP level 6. HP: 42/42 MP: 6/6
  2302 | D:3      | Found a runed translucent door.
  2309 | D:3      | Noticed xeno23's ghost (amateur OpAs)
  2316 | D:3      | Killed xeno23's ghost
  2959 | D:4      | Found Memeylu's Gadget Boutique.
  3000 | D:4      | Found a staircase to the Ecumenical Temple.
  3012 | Temple   | Entered the Ecumenical Temple
  3023 | Temple   | Became a worshipper of Cheibriados the Contemplative
  3103 | D:4      | Noticed RoseArtemis's ghost (novice DDMo)
  3263 | D:5      | Entered Level 5 of the Dungeon
  3375 | D:5      | Noticed Blork the orc
  3380 | D:5      | Killed Blork the orc
  3380 | D:5      | Reached skill level 1 in Invocations
  3380 | D:5      | Reached XP level 7. HP: 43/47 MP: 7/7
  3391 | D:5      | Reached skill level 6 in Axes
  3951 | D:5      | Reached * piety under Cheibriados
  4005 | D:5      | HP: 2/48 [orc warrior/+0 battleaxe (12)]
  4007 | D:5      | Reached XP level 8. HP: 2/54 MP: 10/10
  4008 | D:5      | Slain by an orc wizard

Levels and vault maps discovered:
D:1:      dpeg_arrival_arbitrary_c, layout_loops_corners
D:2:      layout_basic
D:3:      layout_basic, ebering_ghost_reflecting_pool
D:4:      layout_rooms, minmay_temple_entry_fiery, gammafunk_ghost_split,
          first_ration, serial_shops, nicolae_shop_stone
D:5:      layout_basic, gammafunk_ghost_cemetery, mrwooster_statue_mirror,
          uniq_blork_the_orc
Temple:   hc_temple_tempest_star

Skill      XL: |  1  2  3  4  5  6  7 |
---------------+----------------------+-----
Axes           | 3 4 5 6 |  6.2
Invocations    | 1 3 |  3.0
Fighting       | 4 |  4.3
Dodging        | 4 |  4.3
Shields        | 4 |  4.3

Action                   |  1- 3 |  4- 6 |  7- 9 || total
-------------------------+-------+-------+-------++-------
Melee: War axe           |    64 |    91 |    41 ||   196
       Constrict         |    17 |    16 |     9 ||    42
       Tentacles         |     7 |    12 |     6 ||    25
  Use: Scroll            |     4 |     6 |       ||    10
       Potion            |       |     2 |     2 ||     4
 Stab: Sleeping          |     7 |     9 |       ||    16
  Eat: Chunk             |     1 |     7 |     4 ||    12
Armor: Skin              |     4 |     4 |       ||     8
Dodge: Dodged            |    25 |    37 |    14 ||    76
Block: Shield            |    25 |    51 |    18 ||    94

Table legend:
 A = Non-vault XP
 B = Vault XP
 C = Vault XP percentage of total XP
 D = Non-vault monster count
 E = Vault monster count
 F = Vault count percentage of total count
                 A         B        C        D         E       F
            +---------+---------+-------+---------+---------+-------
      Total |     943 |     261 |  21.7 |      88 |       2 |   2.2
            +---------+---------+-------+---------+---------+-------
        D:1 |      36 |       0 |   0.0 |      21 |       0 |   0.0
        D:2 |     116 |       0 |   0.0 |      28 |       0 |   0.0
        D:3 |     164 |     165 |  50.2 |      15 |       1 |   6.2
        D:4 |      95 |       0 |   0.0 |      11 |       0 |   0.0
        D:5 |     532 |      96 |  15.3 |      13 |       1 |   7.1
            +---------+---------+-------+---------+---------+-------
